 Dungeon Crawl Stone Soup version 0.19-a0-1738-gbb2db12 (webtiles) character file.

167 CInkIbrahim the Poker (level 5, 0/34 HPs)
             Began as an Octopode Gladiator on Oct 1, 2016.
             Slain by Bzzz's ghost (7 damage)
             ... on level 3 of the Dungeon.
             The game lasted 00:03:06 (2294 turns).

CInkIbrahim the Poker (Octopode Gladiator)          Turns: 2294, Time: 00:03:06

Health: 0/34       AC:  1    Str: 19    XL:     5   Next: 48%
Magic:  5/5        EV: 14    Int: 10    God:
Gold:   113        SH:  0    Dex: 14    Spells: 0 memorised, 4 levels left

rFire  . . .     SeeInvis .     a - +0 trident
rCold  . . .     Gourm    .     (no shield)
rNeg   . . .     Faith    .     r - +0 hat
rPois  +         Spirit   .     (no amulet)
rElec  .         Dismiss  .     o - ring of poison resistance
rCorr  .         Reflect  .     (no ring)
MR     .....     Harm     .     (no ring)
Stlth  ++........               (no ring)
                                (no ring)
                                (no ring)
                                (no ring)
                                (no ring)

@: mighty
A: almost no armour, stealthy swim, amphibious, 8 rings, constrict 8, camouflage
1, gelatinous body 1
a: no special abilities


You were on level 3 of the Dungeon.
You were hungry.

You visited 1 branch of the dungeon, and saw 3 of its levels.

You collected 113 gold pieces.

Inventory:

Hand Weapons
 a - a +0 trident (weapon)
 b - a cursed -3 blowgun
 l - a -2 spear
Missiles
 c - 3 throwing nets (quivered)
 s - 3 poisoned needles
Armour
 r - a +0 hat (worn)
Jewellery
 o - a ring of poison resistance (left tentacle)
Scrolls
 e - 2 scrolls of teleportation
 g - a scroll of recharging {unknown}
 m - a scroll of amnesia {unknown}
 q - a scroll of remove curse
Potions
 n - a potion of brilliance {unknown}
Comestibles
 d - 3 bread rations
 h - 4 fruits
 j - 3 beef jerkies
 k - 2 meat rations
 p - 3 chunks of flesh


   Skills:
 - Level 2.0 Fighting
 + Level 6.0 Polearms
 - Level 2.0 Throwing
 - Level 3.0 Dodging


You had 4 spell levels left.
You didn't know any spells.

Dungeon Overview and Level Annotations

Branches:
Dungeon (3/15)

Altars:

Annotations:
D:3 Bzzz's ghost, amateur SpAs


Innate Abilities, Weirdness & Mutations

You cannot wear most types of armour.
You are very stealthy in the water.
You are amphibious.
You can wear up to eight rings at the same time.
You can use your tentacles to constrict eight enemies at once.
Your skin changes colour to match your surroundings (Stealth+).
Your rubbery body absorbs attacks. (AC +1, EV +1)


Message History

You kill the hobgoblin!
Bzzz's ghost hits you.
* * * LOW HITPOINT WARNING * * *
Bzzz's ghost is nearby!
You are too injured to fight recklessly!
Bzzz's ghost is nearby!
You are too injured to fight recklessly!
You feel better. Bzzz's ghost hits you.
You feel very mighty all of a sudden. Bzzz's ghost barely misses you.
You completely miss Bzzz's ghost. Your squeeze misses Bzzz's ghost.
You are feeling hungry.
Bzzz's ghost closely misses you.
You miss Bzzz's ghost. Bzzz's ghost hits you.
You closely miss Bzzz's ghost. Your squeeze misses Bzzz's ghost.
Bzzz's ghost misses you.
You miss Bzzz's ghost. Bzzz's ghost hits you.
* * * LOW HITPOINT WARNING * * *
You miss Bzzz's ghost. Your squeeze misses Bzzz's ghost. Bzzz's ghost hits you!
You die...

#....# #.# #..#.#
#.# #.##.# #.#
#.##.# #.# #.##.#
... #.##.# #.#
..#.####)##.#
#.....)†).(.#
...<##....@## #
........W)......
#.###.....####...
..........
###.....###
#...... #.....##
#.....#


You could see Bzzz's ghost.

Vanquished Creatures
  Jessica (D:3)
  Ijyb (D:2)
  3 adders
  An ooze (D:3)
  2 worms
  2 dart slugs (D:2)
  2 leopard geckos (D:2)
  An orc (D:3)
  A ball python (D:1)
  7 giant cockroaches
  10 hobgoblins
  4 jackals (D:2)
  6 kobolds
  7 bats
  4 frilled lizards
  11 goblins
  5 rats
68 creatures vanquished.

Notes
Turn   | Place    | Note
-------+----------+-------------------------------------------
     0 | D:1      | CInkIbrahim the Octopode Gladiator began the quest for the Orb.
     0 | D:1      | Reached XP level 1. HP: 14/14 MP: 1/1
    73 | D:1      | Reached XP level 2. HP: 15/19 MP: 2/2
   680 | D:1      | Reached skill level 4 in Polearms
   956 | D:2      | Reached XP level 3. HP: 24/24 MP: 3/3
  1266 | D:2      | Noticed Ijyb
  1299 | D:2      | Killed Ijyb
  1299 | D:2      | Reached XP level 4. HP: 20/29 MP: 4/4
  1421 | D:2      | Reached skill level 5 in Polearms
  2034 | D:3      | Reached XP level 5. HP: 28/34 MP: 5/5
  2208 | D:3      | Noticed Jessica
  2212 | D:3      | Killed Jessica
  2260 | D:3      | Reached skill level 6 in Polearms
  2284 | D:3      | Noticed Bzzz's ghost (amateur SpAs)
  2294 | D:3      | Slain by Bzzz's ghost

Vault maps used:
D:1:      sevenhm_arrival_forest_fort_small_6
D:2:      kennysheep_the_goblin_king, kennysheep_pointless_box, corner_web_ring,
          serial_park_tiny_pond
D:3:      uniq_robin, uniq_iyjb, uniq_sigmund, uniq_jessica

Skill      XL: |  1  2  3  4  5 |
---------------+----------------+-----
Polearms       | 4 5 6 |  6.0
Fighting       | |  2.0
Throwing       | |  2.0
Dodging        | |  3.0

Action                   |  1- 3 |  4- 6 || total
-------------------------+-------+-------++-------
Melee: Trident           |    78 |    89 ||   167
       Constrict         |    14 |    17 ||    31
       Tentacles         |     9 |    10 ||    19
  Use: Scroll            |     4 |     2 ||     6
       Potion            |       |     2 ||     2
 Stab: Sleeping          |     6 |     6 ||    12
       Distracted        |       |     1 ||     1
  Eat: Chunk             |       |     4 ||     4
Armor: Skin              |    10 |     7 ||    17
Dodge: Dodged            |    42 |    41 ||    83
